 Dungeon Crawl Stone Soup version 0.23.2-1-ga50397a (webtiles) character file.

Game seed: 3829799701514578095

1932 whitewolfNL the Basher (level 8, -1/70 (71) HPs)
             Began as a Minotaur Berserker on May 28, 2019.
             Was an Elder of Trog.
             Slain by an orc warrior
             ... wielding a +0 great sword
              (3 damage)
             ... on level 6 of the Dungeon.
             The game lasted 00:17:52 (4250 turns).

whitewolfNL the Basher (Minotaur Berserker)         Turns: 4250, Time: 00:17:54

HP:   -1/70 (71)    AC: 16    Str: 22    XL:     8   Next: 97%
MP:   8/8           EV:  3    Int:  4    God:    Trog [****..]
Gold: 363           SH:  0    Dex: 12    Spells: 7/7 levels left

rFire    + . .     SeeInvis .   p - +0 flail
rCold    . . .     Gourm    .   (no shield)
rNeg     . . .     Faith    .   J - +0 crystal plate armour
rPois    .         Spirit   .   (helmet restricted)
rElec    .         Reflect  .   (no cloak)
rCorr    .         Harm     .   j - +0 pair of gloves
MR       .....                  (no boots)
Stlth    ..........             (no amulet)
HPRegen  0.21/turn              s - ring of protection from fire
MPRegen  0.11/turn              (no ring)

@: berserk cooldown, flying, slowed, very slow
A: retaliatory headbutt, horns 2
a: Berserk, Trog's Hand, Brothers in Arms, Renounce Religion


You were on level 6 of the Dungeon.
You worshipped Trog.
Trog was greatly pleased with you.
You were very hungry.

You visited 2 branches of the dungeon, and saw 7 of its levels.

You collected 363 gold pieces.

Inventory:

Hand Weapons
 p - a +0 flail (weapon)
 y - a +0 blowgun
 D - a +1 falchion of flaming
 I - a +0 flail
Missiles
 k - 31 bolts
 m - 43 sling bullets
 q - a throwing net (quivered)
 t - 122 arrows
 u - 122 stones
 x - 15 poisoned needles
Armour
 h - a +2 ring mail of poison resistance
 j - a +0 pair of gloves (worn)
 J - a +0 crystal plate armour (worn)
Jewellery
 s - a ring of protection from fire (left hand)
Wands
 v - a wand of iceblast (8)
 E - a wand of flame (24)
 G - a wand of paralysis (9)
 H - a wand of disintegration (12)
Scrolls
 a - 2 scrolls of enchant weapon {unknown}
 b - 10 scrolls of identify {unknown}
 d - 2 scrolls of random uselessness {unknown}
 g - 3 scrolls of teleportation {unknown}
 i - 3 scrolls of fear {unknown}
 l - 2 scrolls of amnesia {unknown}
 n - 3 scrolls of magic mapping {unknown}
 w - 4 scrolls of remove curse {unknown}
 B - a scroll of fog {unknown}
Potions
 e - 4 potions of curing {unknown}
 o - a potion of flight
 r - a potion of heal wounds {unknown}
 z - a potion of brilliance {unknown}
 A - a potion of ambrosia {unknown}
 C - a potion of degeneration {unknown}
Comestibles
 c - 12 rations
 F - 13 chunks of flesh


   Skills:
 + Level 6.8 Fighting
 * Level 12.2 Maces & Flails
 - Level 2.0 Throwing
 - Level 2.4 Armour
 - Level 2.1 Dodging
 - Level 2.0 Evocations


You had 7 spell levels left.
You didn't know any spells.
Your spell library was empty.

Dungeon Overview and Level Annotations

Branches:
Dungeon (6/15)             Temple (1/1) D:4

Altars:
Cheibriados
Elyvilon
Fedhas
Gozag
Kikubaaqudgha
Makhleb
Nemelex Xobeh
Okawaru
Qazlal
Ru
Sif Muna
Trog
Wu Jian
Xom
Yredelemnul
The Shining One
Lugonu

Shops:
D:4 [   D:6 (

Annotations:
D:6 Eustachio


Innate Abilities, Weirdness & Mutations

You reflexively headbutt those who attack you in melee.
You have a pair of horns on your head.


Message History

The orc warrior is almost dead.
You are feeling very hungry.
Eustachio barely misses you. The crimson imp barely misses you.
The orc warrior hits you with a +0 great sword!
* * * LOW HITPOINT WARNING * * *
You hit the orc warrior but do no damage.
You headbutt the orc warrior.
The orc warrior is almost dead.
The crimson imp hits you but does no damage.
Eustachio hits you but does no damage.
The orc warrior hits you with a +0 great sword!
* * * LOW HITPOINT WARNING * * *
The crimson imp hits you but does no damage.
It was a potion of flight.
You feel very buoyant.
You fly up into the air.
Eustachio hits you but does no damage.
The crimson imp hits you but does no damage.
Eustachio hits you but does no damage.
The orc warrior hits you with a +0 great sword.
You die...

.....# .......##
.....# ..###...#
.....# .#)#...#
.....# ..###...#
.....# /.......#
#..#.## ........#
...#..# ##..###r#
##))#.# #. #o#
##.)..#####.####@#
.#....#.......55@#
.#......#####.####
.....#..#<..#.#
.#......###.#.#
.#....#.....#)#
##.......#..#.#
##............#
.........#....#


You could see Eustachio, an orc warrior, an iron imp, a crimson imp and a river
rat.

Vanquished Creatures
  The ghost of Bodigarde the Grave Robber, an amateur DENe of Zin (D:5)
  Menkaure (D:4)
  An orc warrior (D:6)
  A sky beast (D:5)
  An ice beast (D:6)
  A necrophage (D:5)
  A phantom (D:5)
  A centaur (D:5)
  3 bullfrogs
  A water moccasin skeleton (D:5)
  2 scorpions
  3 wights (D:6)
  2 crimson imps
  A hound (D:5)
  2 orc priests
  2 iguanas
  4 worker ants
  Terence (D:3)
  2 hound skeletons (D:6)
  2 worker ant zombies (D:5)
  Robin (D:4)
  8 adders
  6 gnolls
  A shadow imp (D:5)
  5 oozes
  An adder skeleton (D:6)
  4 worms
  A dart slug (D:3)
  3 leopard geckos (D:2)
  13 orcs
  7 giant cockroaches
  15 goblins
  7 hobgoblins
  6 jackals (D:2)
  4 kobolds
  3 quokkas
  A ball python (D:4)
  8 bats
  4 frilled lizards
  A leopard gecko skeleton (D:5)
  A quokka skeleton (D:5)
  5 rats
138 creatures vanquished.

Notes
Turn   | Place    | Note
-------+----------+-------------------------------------------
     0 | D:1      | whitewolfNL the Minotaur Berserker began the quest for the
                  | Orb.
     0 | D:1      | Reached XP level 1. HP: 19/19 MP: 0/0
    64 | D:1      | Found a shimmering altar of Xom.
   111 | D:1      | Reached skill level 4 in Maces & Flails
   163 | D:1      | Reached XP level 2. HP: 3/27 MP: 1/1
   788 | D:2      | Reached XP level 3. HP: 33/33 MP: 2/2
   789 | D:2      | Reached skill level 5 in Maces & Flails
   916 | D:2      | Reached XP level 4. HP: 34/41 MP: 3/3
   931 | D:2      | Reached ** piety under Trog
  1263 | D:3      | Noticed Terence
  1273 | D:3      | Killed Terence
  1273 | D:3      | Reached skill level 6 in Maces & Flails
  1298 | D:3      | Found an ornate altar of the Wu Jian Council.
  1331 | D:3      | Found a stormy altar of Qazlal.
  1401 | D:3      | Reached XP level 5. HP: 38/47 MP: 4/4
  1445 | D:3      | Found an ancient bone altar of Kikubaaqudgha.
  1779 | D:3      | You fall through a shaft for 2 floors!
  1779 | D:5      | Entered Level 5 of the Dungeon
  1779 | D:5      | Noticed a centaur
  1782 | D:5      | Noticed a phantom
  1784 | D:5      | Killed a centaur
  1784 | D:5      | Reached skill level 7 in Maces & Flails
  1784 | D:5      | Reached XP level 6. HP: 55/55 MP: 5/5
  1789 | D:5      | Reached skill level 5 in Fighting
  1810 | D:5      | Reached *** piety under Trog
  1810 | D:5      | Reached skill level 8 in Maces & Flails
  2059 | D:3      | Reached XP level 7. HP: 53/61 MP: 6/6
  2186 | D:3      | Reached skill level 9 in Maces & Flails
  2307 | D:4      | Found a staircase to the Ecumenical Temple.
  2310 | D:4      | Noticed Robin
  2319 | D:4      | Killed Robin
  2544 | Temple   | Entered the Ecumenical Temple
  2718 | D:4      | Got a scorched whip
  2719 | D:4      | Identified the +8 whip of Efezeyddar {distort, rPois MR-
                  | Str+5} (You found it on level 4 of the Dungeon)
  2922 | D:4      | Noticed Menkaure
  2927 | D:4      | Killed Menkaure
  2947 | D:4      | Found a sacrificial altar of Ru.
  2963 | D:4      | Found Otoaffacw's Antique Armour Emporium.
  3141 | D:4      | Reached skill level 1 in Throwing
  3297 | D:5      | Reached skill level 1 in Evocations
  3402 | D:5      | Found a runed translucent gate.
  3402 | D:5      | Found a runed translucent gate.
  3402 | D:5      | Found a runed translucent gate.
  3403 | D:5      | Found an opulent altar of Gozag.
  3404 | D:5      | Noticed Bodigarde's ghost (amateur DENe)
  3407 | D:5      | Reached **** piety under Trog
  3417 | D:5      | Found a burning altar of Makhleb.
  3527 | D:5      | Reached skill level 10 in Maces & Flails
  3650 | D:5      | Found a bloodstained altar of Trog.
  3739 | D:5      | Reached XP level 8. HP: 62/69 MP: 7/7
  3777 | D:5      | Killed Bodigarde's ghost
  3826 | D:6      | Reached skill level 11 in Maces & Flails
  3958 | D:6      | Found an iron altar of Okawaru.
  4135 | D:6      | Found a white marble altar of Elyvilon.
  4165 | D:6      | Found Cer Gext's Antique Weapon Shop.
  4211 | D:6      | Noticed Eustachio
  4221 | D:6      | Reached skill level 12 in Maces & Flails
  4249 | D:6      | HP: 2/70 [orc warrior/+0 great sword (13)]
  4250 | D:6      | Slain by an orc warrior

Skill      XL: |  1  2  3  4  5  6  7  8 |
---------------+-------------------------+-----
Maces & Flails | 4 5 6 7 8 10 12 | 12.2
Fighting       | 4 5 6 |  6.8
Throwing       | 1 2 |  2.0
Evocations     | 1 2 |  2.0
Armour         | |  2.4
Dodging        | |  2.1

Action                   |  1- 3 |  4- 6 |  7- 9 || total
-------------------------+-------+-------+-------++-------
Melee: Mace              |    33 |       |       ||    33
       Headbutt          |     5 |    24 |    37 ||    66
       Flail             |    19 |    94 |   191 ||   304
Invok: Berserk           |     2 |     2 |     7 ||    11
  Use: Potion            |       |       |     1 ||     1
  Eat: Chunk             |     2 |     5 |    13 ||    20
Armor: Animal skin       |     3 |       |       ||     3
       Ring mail         |    13 |    47 |    46 ||   106
       Crystal plate arm |       |       |    43 ||    43
Dodge: Dodged            |    31 |    62 |    68 ||   161
